 Dungeon Crawl Stone Soup version 0.27.0-1-g7a089689b8 (webtiles) character file.

Game seed: 16726689649097742249

10308 ZARRMARR the Grappler (level 11, -1/100 HPs)
             Began as a Troll Fighter on Aug 4, 2021.
             Was an Initiate of Ru.
             Slain by a hornet (7 damage)
             ... on level 9 of the Dungeon.
             The game lasted 01:17:45 (13705 turns).

ZARRMARR the Grappler (Troll Fighter)              Turns: 13705, Time: 01:17:46

Health: -1/100     AC:  9    Str: 26    XL:     11   Next: 34%
Magic:  0/13       EV: 11    Int: 10    God:    Ru [......]
Gold:   698        SH:  5    Dex: 12    Spells: 13/14 levels left

rFire    + + .     SeeInvis .   j - +0 giant club
rCold    + . .     Faith    .   (shield currently unavailable)
rNeg     + . .     Spirit   +   R - +2 robe {rC+ rF+}
rPois    .         Reflect  +   G - +2 hat of the Bear Spirit {Spirit, +Rage rN+ Will++}
rElec    .         Harm     .   S - +0 cloak
rCorr    .         Rampage  .   (gloves unavailable)
Will     ++...                  (boots unavailable)
Stlth    ++........             L - amulet of reflection
HPRegen  1.26/turn              M - +6 ring of intelligence
MPRegen  0.13/turn              P - ring of protection from fire

@: lethally poisoned (-1 -> -2), on berserk cooldown, very slightly
contaminated, slowed, studying Polearms, very slow
A: large, unfitting armour, claws 3, regeneration 1, shaggy fur 1, tough skin 1
a: Renounce Religion, Evoke Berserk Rage


You were on level 9 of the Dungeon.
You worshipped Ru.
Ru was noncommittal.
You visited 3 branches of the dungeon, and saw 13 of its levels.

You collected 698 gold pieces.

Inventory:

Hand Weapons
 j - a +0 giant club (weapon)
 t - a +1 mace of protection
Missiles
 k - a curare-tipped dart
 o - 24 poisoned darts
 q - 269 stones
 s - 2 throwing nets
 v - 12 boomerangs (quivered)
 I - 7 silver boomerangs
Armour
 b - a +0 kite shield
 y - +0 acid dragon scales
 E - a +2 robe of willpower
 F - +0 steam dragon scales
 G - the +2 hat of the Bear Spirit (worn) {Spirit, +Rage rN+ Will++}
   (You found it on level 7 of the Dungeon)

   rN:        It protects you from negative energy.
   +Rage:     It lets you go berserk.
   Will:      It greatly increases your willpower.
 R - a +2 robe of resistance (worn)
 S - a +0 cloak (worn)
Jewellery
 J - a ring of ice
 L - an amulet of reflection (around neck)
 M - a +6 ring of intelligence (left claw)
 P - a ring of protection from fire (right claw)
Wands
 x - a wand of digging (6)
 D - a wand of iceblast (16)
 H - a wand of paralysis (4)
Scrolls
 e - a scroll of immolation
 f - 2 scrolls of silence
 g - a scroll of fog
 i - 2 scrolls of enchant armour
 r - 4 scrolls of noise
 B - a scroll of fear
 K - 2 scrolls of vulnerability
 N - a scroll of magic mapping
Potions
 a - 3 potions of degeneration {unknown}
 c - a potion of resistance {unknown}
 d - 3 potions of heal wounds
 h - 2 potions of attraction {unknown}
 l - a potion of invisibility
 m - 2 potions of curing {unknown}
 n - 3 potions of lignification {unknown}
 p - 2 potions of mutation {unknown}
 u - a potion of berserk rage {unknown}
 w - a potion of brilliance {unknown}
 A - 3 potions of magic {unknown}
 C - a potion of haste {unknown}
 Q - a potion of cancellation {unknown}


   Skills:
 + Level 4.0 Fighting
 + Level 4.0 Maces & Flails
 + Level 7.1 Throwing
 + Level 4.5 Armour
 + Level 5.6 Dodging
 + Level 1.3 Stealth
 + Level 5.8 Shields
 + Level 8.3 Unarmed Combat
 + Level 2.4 Spellcasting
 + Level 2.4 Transmutations
 + Level 1.9 Poison Magic
 + Level 1.1 Evocations


You had 13 spell levels left.
You knew the following spells:

 Your Spells              Type           Power      Damage    Failure   Level
a - Sting                 Tmut/Pois      20%        1d4       12%         1

Your spell library contained the following spells:

 Spells                   Type           Power      Damage    Failure   Level
 Passwall                 Tmut/Erth      2%         N/A       26%         2
 Poisonous Vapours        Pois/Air       6%         N/A       30%         2
 Sublimation of Blood     Necr           0%         N/A       41%         2
 Ignite Poison            Fire/Tmut/Pois 4%         N/A       45%         3
 Mephitic Cloud           Conj/Pois/Air  2%         N/A       56%         3
 Call Canine Familiar     Summ           1%         N/A       65%         3
 Gell's Gravitas          Tloc           0%         N/A       65%         3
 Inner Flame              Hex/Fire       1%         N/A       65%         3
 Lesser Beckoning         Tloc           0%         N/A       65%         3
 Portal Projectile        Hex/Tloc       2%         N/A       65%         3
 Stone Arrow              Conj/Erth      2%         3d7       65%         3
 Swiftness                Air            1%         N/A       65%         3
 Teleport Other           Tloc           1%         N/A       65%         3
 Olgreb's Toxic Radiance  Pois           5%         N/A       80%         4
 Ice Form                 Ice/Tmut       3%         N/A       87%         4
 Petrify                  Tmut/Erth      3%         N/A       87%         4
 Animate Armour           Summ/Erth      2%         N/A       96%         4
 Animate Dead             Necr           0%         N/A       96%         4
 Cause Fear               Hex            0%         N/A       96%         4
 Hailstorm                Conj/Ice       1%         3d3       96%         4
 Leda's Liquefaction      Hex/Erth       0%         N/A       96%         4
 Irradiate                Conj/Tmut      1%         3d14      99%         5
 Bolt of Magma            Conj/Fire/Erth 0%         4d4       100%        5
 Borgnjor's Vile Clutch   Necr/Erth      0%         N/A       100%        5
 Death Channel            Necr           0%         N/A       100%        6
 Dispersal                Tloc           0%         N/A       100%        6
 Invisibility             Hex            0%         N/A       100%        6
 Simulacrum               Ice/Necr       0%         N/A       100%        6
 Discord                  Hex            0%         N/A       100%        8
 Disjunction              Tloc           0%         N/A       100%        8
 Lehudib's Crystal Spear  Conj/Erth      0%         10d2      100%        8


Dungeon Overview and Level Annotations

Branches:
Dungeon (10/15)            Temple (1/1) D:6            Lair (2/6) D:8
  Swamp: Lair:2-4    Shoals: Lair:2-4     Snake: Lair:2-4    Spider: Lair:2-4
    Orc: D:9-12

Altars:
Ashenzari
Cheibriados
Dithmenos
Elyvilon
Fedhas
Gozag
Hepliaklqana
Kikubaaqudgha
Makhleb
Nemelex Xobeh
Okawaru
Qazlal
Ru
Sif Muna
Trog
Uskayaw
Vehumet
Wu Jian
Xom
Yredelemnul
Zin
The Shining One
Beogh

Annotations:
Lair:1 2 transporters, exclusions: ice statue and oklob plant, Vew Pil's ghost, journeyman DrTm


Innate Abilities, Weirdness & Mutations

You are too large for most types of armour.
You have claws for hands.
Your natural rate of healing is unusually fast.
You are covered in fur. (AC +1)
You have tough skin. (AC +1)


Message History

The hornet stings you but does no damage.
You feel sick. The hornet misses you.
You feel sick.
The hornet stings you but does no damage.
The hornet closely misses you.
You feel sick.
You are no longer poisoned.
The hornet stings you.
* * * LOW HITPOINT WARNING * * *
You feel as though you will be slow longer.
The hornet stings you.
* * * LOW HITPOINT WARNING * * *
You feel as though you will be slow longer.
You block the hornet's attack.
The hornet stings you but does no damage.
You block the hornet's attack.
The hornet stings you but does no damage.
The hornet stings you.
* * * LOW HITPOINT WARNING * * *
You feel as though you will be slow longer.
The hornet closely misses you. The hornet barely misses you.
The hornet stings you but does no damage.
You flicker for a moment.
The hornet closely misses you. The hornet stings you.
* * * LOW HITPOINT WARNING * * *
You are poisoned.
You feel as though you will be slow longer.
You feel very sick. You block the hornet's attack. The hornet misses you.
You feel sick. The hornet stings you.
* * * LOW HITPOINT WARNING * * *
You feel as though you will be slow longer.
You flicker back into view.
You feel sick. The hornet stings you!
* * * LOW HITPOINT WARNING * * *
You feel as though you will be slow longer.
You feel sick. The hornet stings you!
You die...

.....##.......#..##.#.......#....
..#.###.#...#.#..##.#.##....#.###
....# #.#.#.#.#..##.#.##.........
....###.#.....#..##.#.##....#.###
...........<................#.# #
....###.#...................#.#
....+.......................#.#
....#....#...###.##.#.##.##.#.#
....#....+......@y.......##.#.#
##'##....#..........#.#..##.#.#
##.####+####.###....#.###.#.#.#
............................>[#
......#.##.......#.##.###.#.#.##
##+##............#..#.###......#
......#.#........#..........#.###
......+..........##.#.###.#......
......#...##..........# #.#.#####


You could see a hornet.

Vanquished Creatures
  Harold (D:8)
  Erolcha (D:9)
  Erica (D:9)
  A black mamba (Lair:1)
  Maggie (D:7)
  2 komodo dragons
  A polar bear (Lair:1)
  A troll (D:9)
  Sigmund (D:4)
  21 yaks
  A basilisk (D:10)
  A steam dragon (D:6)
  Menkaure (D:7)
  4 water moccasins
  An acid dragon (D:5)
  2 orc warriors (D:8)
  3 ice beasts
  A sky beast (D:7)
  A black bear (D:8)
  A necrophage (D:6)
  5 centaurs
  2 kobold brigands
  2 bullfrogs
  A gnoll sergeant (D:8)
  A wyvern zombie (D:6)
  A scorpion (D:5)
  A wyvern skeleton (D:6)
  2 killer bees (D:9)
  2 howler monkeys
  6 centaur zombies
  A hound (D:5)
  A jelly (D:8)
  6 orc priests
  An iguana (D:5)
  4 orc wizards
  Natasha (D:2)
  A hound skeleton (D:4)
  A howler monkey zombie (D:10)
  9 gnolls
  6 adders
  2 shadow imps (D:6)
  A white imp (D:7)
  2 ufetubi (D:5)
  A dart slug (D:3)
  42 orcs
  6 ball pythons
  7 bats
  4 endoplasms
  3 giant cockroaches
  7 goblins
  4 hobgoblins
  6 frilled lizards
  8 kobolds
  4 rats
198 creatures vanquished.

Vanquished Creatures (others)
  A centaur (D:10)
  27 plants (D:8)
28 creatures vanquished.

Grand Total: 226 creatures vanquished

Notes
Turn   | Place    | Note
-------+----------+-------------------------------------------
     0 | D:1      | ZARRMARR the Troll Fighter began the quest for the Orb.
     0 | D:1      | Reached XP level 1. HP: 22/22 MP: 0/0
   122 | D:1      | Reached XP level 2. HP: 29/29 MP: 1/1
   806 | D:2      | Found a faded altar of an unknown god.
  1074 | D:2      | Noticed Natasha
  1080 | D:2      | Noticed a crimson imp
  1082 | D:2      | Killed Natasha
  1083 | D:2      | Reached XP level 3. HP: 23/36 MP: 2/2
  1489 | D:3      | Learned a level 1 spell: Sting
  1496 | D:3      | Reached XP level 4. HP: 44/44 MP: 0/3
  1813 | D:3      | Reached skill level 1 in Throwing
  2524 | D:3      | You fall into a shaft and drop 2 floors!
  2524 | D:5      | Entered Level 5 of the Dungeon
  2569 | D:5      | Reached XP level 5. HP: 50/50 MP: 4/4
  2702 | D:5      | Reached skill level 3 in Unarmed Combat
  2708 | D:5      | Noticed an acid dragon
  2812 | D:5      | Noticed a centaur
  2822 | D:5      | Killed a centaur
  2823 | D:5      | Reached XP level 6. HP: 33/59 MP: 5/5
  3132 | D:5      | Killed an acid dragon
  3466 | D:4      | Noticed Sigmund
  3479 | D:4      | Killed Sigmund
  3480 | D:4      | Reached XP level 7. HP: 51/66 MP: 5/7
  4564 | D:5      | Found a blossoming altar of Fedhas.
  4575 | D:5      | Reached skill level 4 in Unarmed Combat
  4795 | D:6      | Reached skill level 1 in Armour
  4816 | D:6      | Reached skill level 1 in Stealth
  4845 | D:6      | Reached XP level 8. HP: 65/74 MP: 8/8
  4966 | D:6      | Reached skill level 5 in Unarmed Combat
  5195 | D:6      | Reached skill level 1 in Spellcasting
  5195 | D:6      | Reached skill level 1 in Transmutations
  5220 | D:6      | Reached skill level 1 in Poison Magic
  5272 | D:6      | Reached skill level 5 in Throwing
  5347 | D:6      | Reached skill level 6 in Unarmed Combat
  5347 | D:6      | Reached XP level 9. HP: 55/81 MP: 9/9
  5511 | D:6      | Found a staircase to the Ecumenical Temple.
  6189 | Temple   | Entered the Ecumenical Temple
  6299 | Temple   | Became a worshipper of Ru the Awakened
  6431 | D:7      | Noticed Maggie
  6446 | D:7      | Killed Maggie
  6447 | D:7      | Reached skill level 7 in Unarmed Combat
  6607 | D:7      | Noticed Menkaure
  6611 | D:7      | Killed Menkaure
  6626 | D:7      | Found the +2 hat of the Bear Spirit {Spirit, +Rage rN+
                  | Will++}
  7359 | D:8      | Found a staircase to the Lair.
  7542 | D:8      | Noticed a komodo dragon
  7571 | D:8      | Killed a komodo dragon
  7572 | D:8      | Reached XP level 10. HP: 78/91 MP: 8/11
  7895 | D:8      | Noticed Harold
  8251 | D:8      | Reached skill level 8 in Unarmed Combat
  8616 | D:8      | Killed Harold
  8722 | Lair:1   | Entered Level 1 of the Lair of Beasts
  8856 | Lair:1   | Reached skill level 1 in Maces & Flails
  8862 | Lair:1   | Reached skill level 5 in Shields
  8975 | Lair:1   | Noticed a black mamba
  8996 | Lair:1   | Killed a black mamba
  9067 | Lair:1   | Found a transporter.
  9098 | Lair:1   | Reached skill level 5 in Dodging
  9138 | Lair:1   | Found a transporter.
  9142 | Lair:1   | Noticed an ice statue
  9248 | Lair:1   | Noticed an oklob plant
  9248 | Lair:1   | Noticed a cane toad
  9248 | Lair:1   | Noticed a cane toad
  9248 | Lair:1   | Noticed Vew Pil's ghost (journeyman DrTm)
  9707 | Lair:2   | Noticed a five-headed hydra
  9722 | Lair:2   | HP: 4/92 [five-headed hydra (10)]
  9959 | D:9      | Reached XP level 11. HP: 74/98 MP: 9/13
 10195 | D:9      | Noticed Erolcha
 10210 | D:9      | Killed Erolcha
 10329 | D:9      | Noticed Erica
 10343 | D:9      | Killed Erica
 10344 | D:9      | Reached skill level 1 in Evocations
 10961 | D:10     | Entered Level 10 of the Dungeon
 11001 | D:10     | Noticed a wizard
 11014 | D:10     | Noticed a sea snake
 11014 | D:10     | a cyclops changed into a sea snake
 11657 | D:10     | Noticed a swamp dragon
 12796 | D:10     | Noticed a two-headed ogre
 13680 | D:9      | Paralysed by a hornet for 3 turns
 13684 | D:9      | HP: 4/100 [poisoned by a hornet]
 13705 | D:9      | Slain by a hornet

Illustrated notes

Levels and vault maps discovered:
D:1:      eino_arrival_druids_welcome, layout_basic, supply_closet_lemuel
D:2:      layout_loops_cross, ebering_ecumenical_altar_box, uniq_natasha
D:3:      layout_basic
D:4:      layout_loops_corners, grunt_decor_mini_mirrors, uniq_sigmund
D:5:      layout_loops_ring, nicolae_overflow_crystal_walls,
          chequers_serial_rivers_room_b, patterned_corridor
D:6:      layout_layer_cave, temple_green, chequers_serial_rivers_micro_b
D:7:      layout_cave_pools, uniq_menkaure, uniq_maggie
D:8:      layout_loops_cross, david_lair_shrubbed, special_room
          [special_room_orc], minmay_manual_mail, uniq_harold
D:9:      layout_basic, uniq_erolcha, uniq_erica
D:10:     minmay_the_grid_net [minmay_the_grid_broken_lines,
          minmay_the_grid_pillar_ring, minmay_the_grid_spin_star,
          minmay_the_grid_expand, minmay_the_grid_tree,
          minmay_the_grid_prize_big_room], layout_basic
Temple:   kilobyte_greek_temple
Lair:1:   layout_chaotic_city, nzn_ghost_randoct
Lair:2:   layout_cave_pods, dummy_spider_entry

Skill      XL: |  1  2  3  4  5  6  7  8  9 10 11 |
---------------+----------------------------------+-----
Throwing       | 2 3 4 5 6 7 |  7.1
Unarmed Combat | 3 4 6 7 8 |  8.3
Dodging        | 3 4 5 |  5.6
Shields        | 3 4 5 |  5.8
Armour         | 2 3 4 |  4.5
Stealth        | 1 |  1.3
Fighting       | 3 4 |  4.0
Spellcasting   | 1 2 |  2.4
Transmutations | 1 2 |  2.4
Poison Magic   | 1 |  1.9
Maces & Flails | 2 4 |  4.0
Evocations     | 1 |  1.1

Action                   |  1- 3 |  4- 6 |  7- 9 | 10-12 || total
-------------------------+-------+-------+-------+-------++-------
Melee: Unarmed           |   113 |    72 |   199 |    58 ||   442
       Mace              |       |       |       |   169 ||   169
       Giant club        |       |       |       |   165 ||   165
Throw: Dart              |    40 |    46 |       |       ||    86
       Boomerang         |       |    13 |    97 |   115 ||   225
 Cast: Sting             |     1 |     1 |     5 |    18 ||    25
Invok: Reject Sacrifices |       |       |       |     1 ||     1
 Abil: Evoke Berserk Rag |       |       |     2 |    15 ||    17
  Use: Potion            |       |     1 |     1 |    10 ||    12
       Scroll            |       |       |     9 |     8 ||    17
 Stab: Sleeping          |     1 |     1 |       |       ||     2
       Invisible         |       |       |       |     1 ||     1
Armor: Robe              |    35 |    18 |       |   136 ||   189
       Acid dragon scale |       |     5 |    62 |   148 ||   215
Dodge: Dodged            |    25 |    20 |    49 |   346 ||   440
Block: Kite shield       |    43 |    32 |    81 |   206 ||   362
       Other             |       |       |       |    92 ||    92
       Reflection        |       |       |       |     3 ||     3
